AoeStats
← El sin team Hoffmann

Arabia

509429499Analyzed
2v2 RM · 6d ago on Sep 26, 2026· 40m 59s· 4 players
Game mode
Random Map
Map size
Medium (4 player)
Population
200
Speed
Normal
Resources
Standard
Victory
Conquest
Starting age
Dark Age
Ending age
Imperial Age
RankedLock teamsTeams togetherTeam positionsShared explorationLock speedFull tech treeHidden civsTurbo modeCheats
Victory
Defeat
🇨🇱 Magyars · Chile
1212
+13
🇨🇱 Teutons · Chile
1193
+14
🇧🇷 Britons · Brazil
1156
-14
🇧🇷 Magyars · Brazil
1154
-13
Thay_ragnar
8:38 Loom
10:39 Feudal Age
11:26 Double-Bit Axe
24:55 Castle Age
23:20 Gold Mining
24:23 Bloodlines
25:26 Double-Bit Axe
27:09 Scale Barding Armor
28:58 Bow Saw
29:23 Pikeman
LEVIR NERES
6:51 Loom
9:16 Feudal Age
10:04 Double-Bit Axe
12:46 Horse Collar
20:33 Castle Age
20:00 Fletching
20:11 Padded Archer Armor
20:17 Gold Mining
21:48 Wheelbarrow
21:56 Crossbowman
23:42 Pikeman
28:36 Bow Saw
33:47 Ballistics
36:24 Bodkin Arrow
36:44 Leather Archer Armor
41:10 Imperial Age
Sir Labrop
8:42 Loom
10:43 Feudal Age
11:40 Double-Bit Axe
14:03 Horse Collar
24:01 Castle Age
23:10 Bloodlines
23:11 Scale Barding Armor
24:24 Light Cavalry
25:39 Bow Saw
26:36 Wheelbarrow
26:35 Chain Barding Armor
30:23 Elite Skirmisher
32:43 Heavy Plow
32:42 Gold Mining
33:22 Husbandry
35:27 Pikeman
40:03 Imperial Age
38:29 Padded Archer Armor
38:51 Thumb Ring
39:53 Corvinian Army
40:24 Elite Magyar Huszar
El sin team Hoffmann
6:40 Loom
9:43 Feudal Age
10:15 Double-Bit Axe
18:02 Forging
18:53 Bloodlines
18:50 Scale Barding Armor
23:05 Castle Age
27:25 Bow Saw
26:57 Horse Collar
27:08 Gold Mining
28:41 Wheelbarrow
28:35 Town Watch
30:26 Iron Casting
32:05 Hand Cart
32:54 Pikeman
33:34 Squires
39:18 Imperial Age
39:25 Heavy Scorpion
Connection lost

Rejoining the realm…

Still unreachable

The connection could not be restored.

Session expired

The server has moved on; the page needs a fresh start.